Avalanche vs Flames
(R1)
Created - 30 décembre 2012 at 22:32
Goals
|
| Avalanche |
1 |
0 |
2 |
3 |
| Flames |
1 |
3 |
1 |
5 |
|
Shots
|
| Avalanche |
5 |
5 |
9 |
19 |
| Flames |
7 |
17 |
7 |
31 |
|
1st period
1. Avalanche , Rod Brind'Amour 4 (Frantisek Kaberle, Bobby Ryan) at 12:16 (PP)
2. Flames , Alexander Semin 12 (Michal Handzus, Rob Blake) at 15:39
Penalties :
Eric Staal (Cal) for Hooking (Minor) at 1:56, Petr Schastlivy (Cal) for High sticking (Minor) at 6:48, Petr Schastlivy (Cal) for Close Hand On Puck (Minor) at 10:21
2nd period
3. Flames , Shawn Horcoff 8 (Brett Lebda) at 2:18
4. Flames , Eric Staal 8 (Pavel Bure) at 9:42
5. Flames , David Backes 9 (Shawn Horcoff) at 18:07 (PP)
Penalties :
Tomas Kaberle (Cal) for Holding (Minor) at 9:49, Bobby Ryan (Col) for Hooking (Minor) at 9:49, Ryan Smyth (Col) for Slashing (Minor) at 17:13
3rd period
6. Avalanche , Jack Johnson 2 (Ryan Smyth, Jeremy Roenick) at 5:00 (PP)
7. Avalanche , Bobby Ryan 5 (Mike Comrie) at 5:58
8. Flames , Pavel Bure 11 (David Backes, Steven Reinprecht) at 19:09
Penalties :
Alexander Semin (Cal) for Hooking (Minor) at 0:36, Jason Pominville (Col) for Hooking (Minor) at 0:36, Rod Brind'Amour (Col) for Elbowing (Minor) at 0:45, Rob Blake (Cal) for Hooking (Minor) at 4:56, Rob Blake (Cal) for Holding (Minor) at 9:15, Michal Handzus (Cal) for Goalie Interference (Minor) at 16:12, Shawn Horcoff (Cal) for Holding (Minor) at 19:50, Mike Comrie (Col) for Tripping (Minor) at 19:50
Goalie Stats
Antti Niemi (Col), 26 saves from 31 shots - (0,839), L, 3-4-2, 60:00 minutes
Craig Anderson (Cal), 16 saves from 19 shots - (0,842), W, 5-4-1, 60:00 minutes
Players Stats for Avalanche
Player Name G A P +/- PIM S H SB GA TA FO MP PP MP PK MP
------------------------------------------------------------------------------------
Andrew Ladd 0 0 0 -1 0 0 1 0 0 0 0/0 14:03 0:33 0:00
Bobby Ryan 1 1 2 0 2 1 2 0 0 0 1/1 17:29 4:24 0:26
Chuck Kobasew 0 0 0 -1 0 0 0 0 0 0 0/0 13:01 0:42 0:00
Éric Perrin 0 0 0 -1 0 0 0 0 0 0 1/2 8:43 0:00 0:44
Frantisek Kaberle 0 1 1 0 0 2 3 0 0 0 0/0 20:57 5:31 0:00
Jack Johnson 1 0 1 -2 0 1 2 0 0 1 0/0 26:57 6:16 1:07
Jarkko Ruutu 0 0 0 0 0 1 0 0 0 0 0/0 2:45 1:24 0:00
Jason Pominville 0 0 0 -1 2 1 4 1 1 0 0/0 20:28 4:49 0:09
Jeremy Roenick 0 1 1 -1 0 0 1 0 1 0 15/25 23:05 4:41 0:49
Marc Staal 0 0 0 -1 0 3 0 1 0 0 0/0 27:51 2:17 1:46
Martin Lapointe 0 0 0 -1 0 0 2 0 0 0 0/0 13:42 0:00 0:54
Mike Comrie 0 1 1 0 2 1 5 1 0 0 6/10 16:23 4:24 0:00
Ossi Vaananen 0 0 0 -1 0 0 2 1 0 0 0/0 23:22 4:31 1:46
Rod Brind'Amour 1 0 1 -1 2 3 3 0 0 1 5/12 14:29 0:50 0:54
Ron Hainsey 0 0 0 -2 0 2 1 2 0 0 0/0 17:16 0:00 1:07
Rostislav Olesz 0 0 0 -1 0 1 1 0 0 0 0/0 11:48 4:24 0:00
Ryan Smyth 0 1 1 -1 2 3 3 0 0 1 1/1 20:09 4:49 0:00
Sami Salo 0 0 0 0 0 0 0 0 0 0 0/0 0:27 0:00 0:00
Players Stats for Flames
Player Name G A P +/- PIM S H SB GA TA FO MP PP MP PK MP
------------------------------------------------------------------------------------
Alexander Semin 1 0 1 1 2 3 0 0 0 0 2/2 15:06 0:28 2:48
Brett Lebda 0 1 1 2 0 2 3 2 0 0 0/0 23:50 0:27 1:21
David Backes 1 1 2 2 0 4 4 1 0 0 0/0 13:23 0:35 0:00
David Moss 0 0 0 0 0 4 1 0 0 0 0/0 9:03 0:00 0:33
Derek Meech 0 0 0 -1 0 1 0 1 0 0 0/0 19:39 0:09 4:39
Eric Staal 1 0 1 0 2 4 1 0 1 0 8/19 18:11 0:19 3:05
Erik Johnson 0 0 0 0 0 0 0 1 0 0 0/0 14:04 0:27 1:54
Jordin Tootoo 0 0 0 0 0 0 2 1 0 0 1/1 11:23 0:00 3:15
Kyle Calder 0 0 0 1 0 1 3 0 1 0 0/1 12:21 0:35 0:00
Michal Handzus 0 1 1 1 2 2 2 0 0 1 7/15 17:25 0:09 4:08
Owen Nolan 0 0 0 1 0 2 0 0 0 0 0/0 11:46 0:00 0:00
Pavel Bure 1 1 2 1 0 2 0 0 0 0 1/1 18:59 0:28 2:10
Petr Schastlivy 0 0 0 0 4 2 3 0 0 0 0/1 17:44 0:00 3:02
Rob Blake 0 1 1 3 4 0 1 1 0 0 0/0 20:10 0:27 2:49
Shawn Horcoff 1 1 2 1 2 3 4 0 0 0 2/6 13:09 0:35 0:49
Steve Eminger 0 0 0 1 0 0 2 2 0 1 0/0 15:09 0:00 3:27
Steven Reinprecht 0 1 1 1 0 0 1 0 0 0 1/5 8:37 0:00 0:00
Tomas Kaberle 0 0 0 1 2 1 2 0 1 0 0/0 25:50 0:36 5:40
3 Stars
1 - David Backes (Cal)
2 - Shawn Horcoff (Cal)
3 - Pavel Bure (Cal)
Power Play
Avalanche - 2 on 6 Attempt(s) - 33,33%
Flames - 1 on 2 Attempt(s) - 50,00%
Penalty Kill
Avalanche - 1 on 2 Attempt(s) - 50,00%
- Score 0 goal in Penalty Kill
Flames - 4 on 6 Attempt(s) - 66,67%
- Score 0 goal in Penalty Kill
Official
Referees : Furlatt Eric and Hasenfratz Mike
Linesman : Vaughan Rody and Ryan Galloway
Game Notes
Sami Salo is injured at 1:03 of 1st period (Sore Left Knee)
Jarkko Ruutu is injured at 10:04 of 1st period (Sprained Right Ankle)
Steve Eminger is injured at 15:44 of 2nd period (Right Foot)
Finance
Level 1 -- Attendance: 4658 (77,63%) -- Ticket Income 461 142 $
Level 2 -- Attendance: 3675 (73,50%) -- Ticket Income 216 825 $
Level 3 -- Attendance: 1874 (93,70%) -- Ticket Income 59 968 $
Level 4 -- Attendance: 3080 (77,00%) -- Ticket Income 67 760 $
Luxury Box -- Attendance: 706 (70,60%) -- Ticket Income 140 494 $
Game was played at the Metal Center
Total Attendance: 13993 (77,74%)
Total Ticket Income: 946 189 $
Total Income: 946 189 $
Avalanche
5 vs 5 Forward
Center Left Wing Right Wing Time % Phy DF OF
1 Jeremy Roenick Ryan Smyth Jason Pominville 40 1 2 2
2 Mike Comrie Jarkko Ruutu Bobby Ryan 30 1 2 2
3 Rod Brind'Amour Andrew Ladd Chuck Kobasew 20 1 2 2
4 Éric Perrin Rostislav Olesz Martin Lapointe 10 1 2 2
5 vs 5 Defense
Defense Defense Time % Phy DF OF
1 Jack Johnson Marc Staal 40 1 2 2
2 Sami Salo Frantisek Kaberle 35 1 2 2
3 Ron Hainsey Ossi Vaananen 25 1 2 2
4 Jack Johnson Marc Staal 0 1 2 2
PowerPlay Forward
Center Left Wing Right Wing Time % Phy DF OF
1 Jeremy Roenick Ryan Smyth Jason Pominville 60 0 2 3
2 Mike Comrie Rostislav Olesz Bobby Ryan 40 0 2 3
PowerPlay Defense
Defense Defense Time % Phy DF OF
1 Sami Salo Jack Johnson 60 1 2 2
2 Frantisek Kaberle Jarkko Ruutu 40 1 2 2
Penalty Kill 4 Players Forward
Center Wing Time % Phy DF OF
1 Rod Brind'Amour Martin Lapointe 60 1 3 1
2 Chuck Kobasew Jarkko Ruutu 40 1 3 1
Penalty Kill 4 Players Defense
Defense Defense Time % Phy DF OF
1 Marc Staal Ossi Vaananen 60 1 3 1
2 Ron Hainsey Jack Johnson 40 1 3 1
Penalty Kill - 3 Players Forward
Forward Time % Phy DF OF
1 Jeremy Roenick 60 1 3 1
2 Rod Brind'Amour 40 1 3 1
Penalty Kill - 3 Players Defense
Defense Defense Time % Phy DF OF
1 Marc Staal Ossi Vaananen 60 1 3 1
2 Ron Hainsey Jack Johnson 40 1 3 1
4 vs 4 Forward
Center Wing Time % Phy DF OF
1 Rod Brind'Amour Ryan Smyth 60 1 2 2
2 Jeremy Roenick Jason Pominville 40 1 2 2
4 vs 4 Defense
Defense Defense Time % Phy DF OF
1 Frantisek Kaberle Marc Staal 60 1 2 2
2 Jack Johnson Ossi Vaananen 40 1 2 2
Last Minutes Offensive
Center Left Wing Right Wing Defense Defense
Jeremy Roenick Ryan Smyth Jason Pominville Frantisek Kaberle Jack Johnson
Last Minutes Defensive
Center Left Wing Right Wing Defense Defense
Rod Brind'Amour Jarkko Ruutu Martin Lapointe Marc Staal Ossi Vaananen
Goaltenders
Starting : Antti Niemi
Backup : Patrick Lalime
Extra Forwards
Normal : Jeremy Roenick, Martin Lapointe, Jason Pominville - PP : Rod Brind'Amour, Jarkko Ruutu - PK : Bobby Ryan
Extra Defensemen
Normal : Marc Staal, Frantisek Kaberle, Jack Johnson - PP : Ossi Vaananen - PK : Sami Salo, Frantisek Kaberle
Penalty Shots
Ryan Smyth, Mike Comrie, Bobby Ryan, Rod Brind'Amour, Jeremy Roenick
Flames
5 vs 5 Forward
Center Left Wing Right Wing Time % Phy DF OF
1 Eric Staal Petr Schastlivy Pavel Bure 35 1 2 2
2 Michal Handzus Alexander Semin David Backes 30 1 2 2
3 Shawn Horcoff Kyle Calder Owen Nolan 20 1 2 2
4 Steven Reinprecht David Moss Jordin Tootoo 15 1 2 2
5 vs 5 Defense
Defense Defense Time % Phy DF OF
1 Tomas Kaberle Steve Eminger 40 1 2 2
2 Brett Lebda Rob Blake 30 1 2 2
3 Derek Meech Erik Johnson 20 1 2 2
4 Brett Lebda Rob Blake 10 1 2 2
PowerPlay Forward
Center Left Wing Right Wing Time % Phy DF OF
1 Eric Staal Alexander Semin Pavel Bure 60 1 1 3
2 Shawn Horcoff Kyle Calder David Backes 40 1 1 3
PowerPlay Defense
Defense Defense Time % Phy DF OF
1 Tomas Kaberle Rob Blake 60 1 2 2
2 Brett Lebda Erik Johnson 40 1 2 2
Penalty Kill 4 Players Forward
Center Wing Time % Phy DF OF
1 Michal Handzus Petr Schastlivy 60 1 3 1
2 Eric Staal Pavel Bure 40 1 3 1
Penalty Kill 4 Players Defense
Defense Defense Time % Phy DF OF
1 Tomas Kaberle Steve Eminger 60 1 3 1
2 Derek Meech Rob Blake 40 1 3 1
Penalty Kill - 3 Players Forward
Forward Time % Phy DF OF
1 Michal Handzus 60 1 3 1
2 Eric Staal 40 1 3 1
Penalty Kill - 3 Players Defense
Defense Defense Time % Phy DF OF
1 Tomas Kaberle Steve Eminger 60 1 3 1
2 Derek Meech Rob Blake 40 1 3 1
4 vs 4 Forward
Center Wing Time % Phy DF OF
1 Michal Handzus Pavel Bure 60 1 2 2
2 Eric Staal Alexander Semin 40 1 2 2
4 vs 4 Defense
Defense Defense Time % Phy DF OF
1 Tomas Kaberle Steve Eminger 60 1 2 2
2 Brett Lebda Rob Blake 40 1 2 2
Last Minutes Offensive
Center Left Wing Right Wing Defense Defense
Eric Staal Alexander Semin Pavel Bure Tomas Kaberle Steve Eminger
Last Minutes Defensive
Center Left Wing Right Wing Defense Defense
Eric Staal Petr Schastlivy Pavel Bure Tomas Kaberle Steve Eminger
Goaltenders
Starting : Craig Anderson
Backup : Pekka Rinne
Extra Forwards
Normal : David Backes, Petr Schastlivy, Steven Reinprecht - PP : Shawn Horcoff, David Backes - PK : Jordin Tootoo
Extra Defensemen
Normal : Brett Lebda, Derek Meech, Erik Johnson - PP : Brett Lebda - PK : Derek Meech, Erik Johnson
Penalty Shots
Eric Staal, Pavel Bure, Alexander Semin, David Backes, Michal Handzus
% Time on Ice - Avalanche
Lines # - Real PCT - Wanted PCT - Time Play
Normal Forward
1 - 30% - 40% - 13:31
2 - 29% - 30% - 12:45
3 - 25% - 20% - 11:03
4 - 16% - 10% - 7:21
Normal Defense
1 - 26% - 40% - 11:34
2 - 44% - 35% - 19:44
3 - 30% - 25% - 13:22
4 - 0% - 0% - 0:00
PP Forward
1 - 56% - 60% - 5:31
2 - 44% - 40% - 4:24
PP Defense
1 - 60% - 60% - 5:59
2 - 40% - 40% - 3:56
PK Forward
1 - 86% - 60% - 0:54
2 - 14% - 40% - 0:09
PK Defense
1 - 63% - 60% - 0:40
2 - 37% - 40% - 0:23
PK3 Forward
1 - 58% - 60% - 1:04
2 - 42% - 40% - 0:46
PK3 Defense
1 - 60% - 60% - 1:06
2 - 40% - 40% - 0:44
44 Forward
1 - 86% - 60% - 1:58
2 - 14% - 40% - 0:19
44 Defense
1 - 66% - 60% - 1:30
2 - 34% - 40% - 0:47
Last Minute Offensive - 0:15
Last Minute Defensive - 0:00
Total
Forward - 60:00
Defense - 60:00
|
% Time on Ice - Flames
Lines # - Real PCT - Wanted PCT - Time Play
Normal Forward
1 - 29% - 35% - 13:05
2 - 26% - 30% - 11:32
3 - 26% - 20% - 11:46
4 - 18% - 15% - 8:07
Normal Defense
1 - 48% - 40% - 21:14
2 - 28% - 30% - 12:36
3 - 20% - 20% - 8:57
4 - 4% - 10% - 1:43
PP Forward
1 - 44% - 60% - 0:28
2 - 56% - 40% - 0:35
PP Defense
1 - 57% - 60% - 0:36
2 - 43% - 40% - 0:27
PK Forward
1 - 78% - 60% - 7:45
2 - 22% - 40% - 2:10
PK Defense
1 - 69% - 60% - 6:52
2 - 31% - 40% - 3:03
PK3 Forward
1 - 0% - 60%
2 - 0% - 40%
PK3 Defense
1 - 0% - 60%
2 - 0% - 40%
44 Forward
1 - 71% - 60% - 2:56
2 - 29% - 40% - 1:11
44 Defense
1 - 79% - 60% - 3:16
2 - 21% - 40% - 0:51
Last Minute Offensive - 0:00
Last Minute Defensive - 0:25
Total
Forward - 60:00
Defense - 60:00
|
Play by Play
1st period
0:01 of 1st period - Jeremy Roenick wins face-off versus Eric Staal in neutral zone.
0:34 of 1st period - Wrist shot by Jarkko Ruutu.
0:34 of 1st period - Shot Blocked by Steve Eminger.
0:36 of 1st period - Wrist shot by Jarkko Ruutu.
0:36 of 1st period - Stopped by Craig Anderson without a rebound.
0:37 of 1st period - Rod Brind'Amour wins face-off versus Shawn Horcoff in Flames zone.
1:02 of 1st period - Sami Salo is hit by Brett Lebda and loses puck.
1:03 of 1st period - Sami Salo from Avalanche is injured at 1:03 of 1st period (Sore Left Knee).
1:04 of 1st period - Mike Comrie wins face-off versus Steven Reinprecht in Avalanche zone.
1:29 of 1st period - Derek Meech is hit by Ron Hainsey.
1:56 of 1st period - Minor Penalty to Eric Staal for Hooking.
1:57 of 1st period - Michal Handzus wins face-off versus Jeremy Roenick in Flames zone.
2:23 of 1st period - Ossi Vaananen is hit by Steve Eminger.
2:29 of 1st period - Steve Eminger is hit by Rostislav Olesz and loses puck.
3:24 of 1st period - Jeremy Roenick is hit by Tomas Kaberle and loses puck.
3:56 of 1st period - Penalty to Eric Staal is over, Eric Staal is back on ice.
4:28 of 1st period - Jordin Tootoo is hit by Martin Lapointe and loses puck.
4:33 of 1st period - Snap shot by Rostislav Olesz.
4:33 of 1st period - Shot Blocked by Brett Lebda.
5:55 of 1st period - Slapshot by Eric Staal.
5:55 of 1st period - Stopped by Antti Niemi with a rebound.
6:17 of 1st period - Steve Eminger is hit by Ryan Smyth and loses puck.
6:34 of 1st period - Marc Staal is hit by David Backes and loses puck.
6:48 of 1st period - Minor Penalty to Petr Schastlivy for High sticking.
6:49 of 1st period - Jeremy Roenick wins face-off versus Michal Handzus in Flames zone.
7:14 of 1st period - Jordin Tootoo is hit by Mike Comrie and loses puck.
8:48 of 1st period - Penalty to Petr Schastlivy is over, Petr Schastlivy is back on ice.
8:54 of 1st period - Derek Meech is hit by Ossi Vaananen and loses puck.
9:13 of 1st period - Snap shot by Shawn Horcoff.
9:13 of 1st period - Deflect By Owen Nolan.
9:13 of 1st period - Stopped by Antti Niemi with a rebound.
9:15 of 1st period - Snap shot by Kyle Calder.
9:15 of 1st period - Shot Misses the Net.
9:17 of 1st period - Wrist shot by Derek Meech.
9:17 of 1st period - Shot Misses the Net.
9:19 of 1st period - Slapshot by Derek Meech.
9:19 of 1st period - Stopped by Antti Niemi with a rebound.
9:49 of 1st period - Wrist shot by Petr Schastlivy.
9:49 of 1st period - Shot Misses the Net.
10:03 of 1st period - Jarkko Ruutu is hit by Shawn Horcoff and loses puck.
10:04 of 1st period - Jarkko Ruutu from Avalanche is injured at 10:04 of 1st period (Sprained Right Ankle).
10:05 of 1st period - Jeremy Roenick wins face-off versus Eric Staal in Avalanche zone.
10:21 of 1st period - Minor Penalty to Petr Schastlivy for Close Hand On Puck.
10:22 of 1st period - Michal Handzus wins face-off versus Jeremy Roenick in Flames zone.
10:37 of 1st period - Slapshot by Jack Johnson.
10:37 of 1st period - Shot Misses the Net.
10:49 of 1st period - Eric Staal is hit by Jason Pominville and loses puck.
11:18 of 1st period - Slapshot by Jack Johnson.
11:18 of 1st period - Deflect By Ryan Smyth.
11:18 of 1st period - Stopped by Craig Anderson with a rebound.
12:16 of 1st period - Slapshot by Rod Brind'Amour.
12:16 of 1st period - Goal by Rod Brind'Amour - Avalanche : 1 - Flames : 0.
12:17 of 1st period - Rod Brind'Amour wins face-off versus Eric Staal in neutral zone.
12:29 of 1st period - Rod Brind'Amour is hit by Petr Schastlivy and loses puck.
13:43 of 1st period - Ossi Vaananen is hit by David Backes and loses puck.
13:50 of 1st period - Wrist shot by Michal Handzus.
13:50 of 1st period - Shot Blocked by Ron Hainsey.
13:52 of 1st period - Snap shot by Michal Handzus.
13:52 of 1st period - Stopped by Antti Niemi without a rebound.
13:53 of 1st period - Eric Staal wins face-off versus Mike Comrie in Avalanche zone.
14:25 of 1st period - Wrist shot by Alexander Semin.
14:25 of 1st period - Stopped by Antti Niemi with a rebound.
15:39 of 1st period - Snap shot by Alexander Semin.
15:39 of 1st period - Goal by Alexander Semin - Avalanche : 1 - Flames : 1.
15:40 of 1st period - Jeremy Roenick wins face-off versus Eric Staal in neutral zone.
16:05 of 1st period - Martin Lapointe is hit by Michal Handzus and loses puck.
16:28 of 1st period - Snap shot by Chuck Kobasew.
16:28 of 1st period - Shot Misses the Net.
16:45 of 1st period - Slapshot by David Moss.
16:45 of 1st period - Shot Misses the Net.
17:08 of 1st period - Pavel Bure is hit by Bobby Ryan and loses puck.
18:05 of 1st period - Slapshot by Frantisek Kaberle.
18:05 of 1st period - Stopped by Craig Anderson without a rebound.
18:06 of 1st period - Jeremy Roenick wins face-off versus Steven Reinprecht in Flames zone.
18:15 of 1st period - Snap shot by Jason Pominville.
18:15 of 1st period - Stopped by Craig Anderson without a rebound.
18:16 of 1st period - Jeremy Roenick wins face-off versus Eric Staal in Flames zone.
18:31 of 1st period - Wrist shot by Pavel Bure.
18:31 of 1st period - Shot Misses the Net.
19:01 of 1st period - Tomas Kaberle is hit by Rod Brind'Amour and loses puck.
19:20 of 1st period - Marc Staal is hit by Jordin Tootoo and loses puck.
19:39 of 1st period - Steve Eminger is hit by Frantisek Kaberle.
19:43 of 1st period - Wrist shot by Pavel Bure.
19:43 of 1st period - Shot Misses the Net.
19:45 of 1st period - Slapshot by Rob Blake.
19:45 of 1st period - Shot Hit the Post.
19:47 of 1st period - Slapshot by Brett Lebda.
19:47 of 1st period - Stopped by Antti Niemi with a rebound.
2nd period
0:01 of 2nd period - Eric Staal wins face-off versus Jeremy Roenick in neutral zone.
1:25 of 2nd period - Snap shot by Rod Brind'Amour.
1:25 of 2nd period - Shot Blocked by Erik Johnson.
1:27 of 2nd period - Snap shot by Marc Staal.
1:27 of 2nd period - Deflect By Eric Staal.
1:27 of 2nd period - Stopped by Craig Anderson without a rebound.
1:28 of 2nd period - Jeremy Roenick wins face-off versus Michal Handzus in Flames zone.
1:43 of 2nd period - Snap shot by Jeremy Roenick.
1:43 of 2nd period - Shot Misses the Net.
1:55 of 2nd period - Pavel Bure is hit by Mike Comrie and loses puck.
2:18 of 2nd period - Wrist shot by Shawn Horcoff.
2:18 of 2nd period - Goal by Shawn Horcoff - Avalanche : 1 - Flames : 2.
2:19 of 2nd period - Eric Staal wins face-off versus Jeremy Roenick in neutral zone.
2:22 of 2nd period - Slapshot by Tomas Kaberle.
2:22 of 2nd period - Stopped by Antti Niemi without a rebound.
2:23 of 2nd period - Ryan Smyth wins face-off versus Petr Schastlivy in Avalanche zone.
2:36 of 2nd period - Snap shot by Jeremy Roenick.
2:36 of 2nd period - Shot Misses the Net.
2:38 of 2nd period - Wrist shot by Frantisek Kaberle.
2:38 of 2nd period - Stopped by Craig Anderson without a rebound.
2:39 of 2nd period - Mike Comrie wins face-off versus Michal Handzus in Flames zone.
2:40 of 2nd period - Snap shot by Bobby Ryan.
2:40 of 2nd period - Shot Misses the Net.
3:05 of 2nd period - Tomas Kaberle is hit by Rod Brind'Amour and loses puck.
4:10 of 2nd period - Snap shot by David Backes.
4:10 of 2nd period - Shot Misses the Net.
4:53 of 2nd period - Snap shot by Jeremy Roenick.
4:53 of 2nd period - Shot Misses the Net.
5:11 of 2nd period - Wrist shot by Owen Nolan.
5:11 of 2nd period - Shot Blocked by Mike Comrie.
5:27 of 2nd period - Wrist shot by Alexander Semin.
5:27 of 2nd period - Deflect By David Backes.
5:27 of 2nd period - Stopped by Antti Niemi without a rebound.
5:28 of 2nd period - Alexander Semin wins face-off versus Jeremy Roenick in Avalanche zone.
5:53 of 2nd period - Martin Lapointe is hit by Petr Schastlivy and loses puck.
6:20 of 2nd period - Wrist shot by Chuck Kobasew.
6:20 of 2nd period - Shot Misses the Net.
6:22 of 2nd period - Wrist shot by Frantisek Kaberle.
6:22 of 2nd period - Shot Blocked by Rob Blake.
6:54 of 2nd period - Jason Pominville is hit by David Backes.
7:14 of 2nd period - Kyle Calder is hit by Martin Lapointe and loses puck.
7:35 of 2nd period - Erik Johnson is hit by Jack Johnson.
7:56 of 2nd period - Eric Staal is hit by Jason Pominville and loses puck.
8:16 of 2nd period - Off-side.
8:17 of 2nd period - Mike Comrie wins face-off versus Steven Reinprecht in neutral zone.
8:20 of 2nd period - Jordin Tootoo is hit by Mike Comrie and loses puck.
8:27 of 2nd period - Jordin Tootoo is hit by Bobby Ryan and loses puck.
8:42 of 2nd period - Wrist shot by Eric Staal.
8:42 of 2nd period - Stopped by Antti Niemi with a rebound.
8:44 of 2nd period - Snap shot by Petr Schastlivy.
8:44 of 2nd period - Stopped by Antti Niemi without a rebound.
8:45 of 2nd period - Jeremy Roenick wins face-off versus Eric Staal in Avalanche zone.
9:12 of 2nd period - Wrist shot by Owen Nolan.
9:12 of 2nd period - Shot Blocked by Jason Pominville.
9:20 of 2nd period - Snap shot by Jeremy Roenick.
9:20 of 2nd period - Shot Misses the Net.
9:22 of 2nd period - Snap shot by Ryan Smyth.
9:22 of 2nd period - Shot Misses the Net.
9:30 of 2nd period - Wrist shot by Jeremy Roenick.
9:30 of 2nd period - Shot Misses the Net.
9:32 of 2nd period - Slapshot by Ron Hainsey.
9:32 of 2nd period - Stopped by Craig Anderson with a rebound.
9:34 of 2nd period - Snap shot by Ron Hainsey.
9:34 of 2nd period - Stopped by Craig Anderson without a rebound.
9:35 of 2nd period - Eric Staal wins face-off versus Mike Comrie in Flames zone.
9:42 of 2nd period - Slapshot by Eric Staal.
9:42 of 2nd period - Goal by Eric Staal - Avalanche : 1 - Flames : 3.
9:43 of 2nd period - Eric Staal wins face-off versus Mike Comrie in neutral zone.
9:49 of 2nd period - Minor Penalty to Tomas Kaberle for Holding.
9:49 of 2nd period - Minor Penalty to Bobby Ryan for Hooking.
9:50 of 2nd period - Michal Handzus wins face-off versus Rod Brind'Amour in Avalanche zone.
9:53 of 2nd period - Wrist shot by Michal Handzus.
9:53 of 2nd period - Stopped by Antti Niemi without a rebound.
9:54 of 2nd period - Michal Handzus wins face-off versus Rod Brind'Amour in Avalanche zone.
11:43 of 2nd period - Erik Johnson is hit by Jason Pominville and loses puck.
11:49 of 2nd period - Penalty to Tomas Kaberle is over, Tomas Kaberle is back on ice.
11:49 of 2nd period - Penalty to Bobby Ryan is over, Bobby Ryan is back on ice.
11:58 of 2nd period - Snap shot by Ryan Smyth.
11:58 of 2nd period - Stopped by Craig Anderson with a rebound.
13:14 of 2nd period - Rod Brind'Amour is hit by Steve Eminger.
13:20 of 2nd period - Ossi Vaananen is hit by Kyle Calder and loses puck.
13:25 of 2nd period - Slapshot by Owen Nolan.
13:25 of 2nd period - Stopped by Antti Niemi with a rebound.
13:58 of 2nd period - Wrist shot by David Backes.
13:58 of 2nd period - Shot Misses the Net.
14:16 of 2nd period - Erik Johnson is hit by Mike Comrie and loses puck.
15:25 of 2nd period - Jack Johnson is hit by Shawn Horcoff and loses puck.
15:42 of 2nd period - Snap shot by Chuck Kobasew.
15:42 of 2nd period - Shot Blocked by Jordin Tootoo.
15:44 of 2nd period - Slapshot by Jack Johnson.
15:44 of 2nd period - Deflect By Andrew Ladd.
15:44 of 2nd period - Shot Blocked by Steve Eminger.
15:44 of 2nd period - Steve Eminger from Flames is injured at 15:44 of 2nd period (Right Foot).
15:45 of 2nd period - Eric Staal wins face-off versus Jeremy Roenick in Flames zone.
15:58 of 2nd period - Snap shot by Eric Staal.
15:58 of 2nd period - Stopped by Antti Niemi without a rebound.
15:59 of 2nd period - Michal Handzus wins face-off versus Jeremy Roenick in Avalanche zone.
16:08 of 2nd period - Alexander Semin is hit by Jason Pominville and loses puck.
16:52 of 2nd period - Snap shot by Kyle Calder.
16:52 of 2nd period - Shot Misses the Net.
16:54 of 2nd period - Snap shot by Kyle Calder.
16:54 of 2nd period - Stopped by Antti Niemi with a rebound.
16:56 of 2nd period - Slapshot by Tomas Kaberle.
16:56 of 2nd period - Deflect By Shawn Horcoff.
16:56 of 2nd period - Stopped by Antti Niemi without a rebound.
16:57 of 2nd period - Jeremy Roenick wins face-off versus Michal Handzus in Avalanche zone.
17:13 of 2nd period - Minor Penalty to Ryan Smyth for Slashing.
17:14 of 2nd period - Eric Staal wins face-off versus Rod Brind'Amour in Avalanche zone.
17:39 of 2nd period - Rod Brind'Amour is hit by Rob Blake and loses puck.
17:44 of 2nd period - Wrist shot by David Backes.
17:44 of 2nd period - Stopped by Antti Niemi without a rebound.
17:45 of 2nd period - Shawn Horcoff wins face-off versus Rod Brind'Amour in Avalanche zone.
17:53 of 2nd period - Icing by David Backes.
17:54 of 2nd period - Rod Brind'Amour wins face-off versus Kyle Calder in Flames zone.
18:05 of 2nd period - Wrist shot by Shawn Horcoff.
18:05 of 2nd period - Shot Misses the Net.
18:07 of 2nd period - Slapshot by David Backes.
18:07 of 2nd period - Goal by David Backes - Avalanche : 1 - Flames : 4.
18:08 of 2nd period - Jeremy Roenick wins face-off versus Eric Staal in neutral zone.
18:11 of 2nd period - Tomas Kaberle is hit by Jack Johnson and loses puck.
18:34 of 2nd period - Ryan Smyth is hit by David Moss and loses puck.
18:39 of 2nd period - Snap shot by David Moss.
18:39 of 2nd period - Stopped by Antti Niemi with a rebound.
18:41 of 2nd period - Wrist shot by David Moss.
18:41 of 2nd period - Stopped by Antti Niemi with a rebound.
18:43 of 2nd period - Snap shot by David Moss.
18:43 of 2nd period - Stopped by Antti Niemi with a rebound.
18:45 of 2nd period - Wrist shot by David Moss.
18:45 of 2nd period - Stopped by Antti Niemi with a rebound.
3rd period
0:01 of 3rd period - Jeremy Roenick wins face-off versus Eric Staal in neutral zone.
0:33 of 3rd period - Wrist shot by David Backes.
0:33 of 3rd period - Stopped by Antti Niemi without a rebound.
0:34 of 3rd period - Alexander Semin wins face-off versus Jeremy Roenick in Avalanche zone.
0:36 of 3rd period - Minor Penalty to Alexander Semin for Hooking.
0:36 of 3rd period - Minor Penalty to Jason Pominville for Hooking.
0:37 of 3rd period - Rod Brind'Amour wins face-off versus Michal Handzus in Avalanche zone.
0:45 of 3rd period - Minor Penalty to Rod Brind'Amour for Elbowing.
0:46 of 3rd period - Jeremy Roenick wins face-off versus Michal Handzus in Avalanche zone.
1:11 of 3rd period - Brett Lebda is hit by Ossi Vaananen and loses puck.
2:11 of 3rd period - Slapshot by Jack Johnson.
2:11 of 3rd period - Deflect By Éric Perrin.
2:11 of 3rd period - Shot Misses the Net.
2:11 of 3rd period - Puck is out of play.
2:12 of 3rd period - Eric Staal wins face-off versus Éric Perrin in Flames zone.
2:17 of 3rd period - Ossi Vaananen is hit by Eric Staal and loses puck.
2:26 of 3rd period - Backhand shot by Petr Schastlivy.
2:26 of 3rd period - Stopped by Antti Niemi with a rebound.
2:36 of 3rd period - Penalty to Alexander Semin is over, Alexander Semin is back on ice.
2:36 of 3rd period - Penalty to Jason Pominville is over, Jason Pominville is back on ice.
2:45 of 3rd period - Penalty to Rod Brind'Amour is over, Rod Brind'Amour is back on ice.
2:46 of 3rd period - Wrist shot by Alexander Semin.
2:46 of 3rd period - Deflect By Jason Pominville.
2:46 of 3rd period - Shot Misses the Net.
2:46 of 3rd period - Puck is out of play.
2:47 of 3rd period - Jeremy Roenick wins face-off versus Shawn Horcoff in Avalanche zone.
2:47 of 3rd period - Jeremy Roenick is hit by Brett Lebda.
3:14 of 3rd period - Brett Lebda is hit by Rod Brind'Amour and loses puck.
3:47 of 3rd period - Snap shot by Eric Staal.
3:47 of 3rd period - Shot Blocked by Ossi Vaananen.
4:10 of 3rd period - Wrist shot by Rostislav Olesz.
4:10 of 3rd period - Stopped by Craig Anderson with a rebound.
4:23 of 3rd period - Icing by Tomas Kaberle.
4:24 of 3rd period - Michal Handzus wins face-off versus Rod Brind'Amour in Flames zone.
4:39 of 3rd period - Snap shot by Chuck Kobasew.
4:39 of 3rd period - Shot Misses the Net.
4:53 of 3rd period - Slapshot by Éric Perrin.
4:53 of 3rd period - Deflect By Martin Lapointe.
4:53 of 3rd period - Shot Blocked by Derek Meech.
4:53 of 3rd period - Puck is out of play.
4:54 of 3rd period - Éric Perrin wins face-off versus Michal Handzus in Flames zone.
4:56 of 3rd period - Minor Penalty to Rob Blake for Hooking.
4:57 of 3rd period - Jeremy Roenick wins face-off versus Michal Handzus in Flames zone.
4:58 of 3rd period - Wrist shot by Ryan Smyth.
4:58 of 3rd period - Shot Misses the Net.
5:00 of 3rd period - Slapshot by Jack Johnson.
5:00 of 3rd period - Goal by Jack Johnson - Avalanche : 2 - Flames : 4.
5:01 of 3rd period - Jeremy Roenick wins face-off versus Eric Staal in neutral zone.
5:50 of 3rd period - Snap shot by Ryan Smyth.
5:50 of 3rd period - Stopped by Craig Anderson with a rebound.
5:52 of 3rd period - Snap shot by Jeremy Roenick.
5:52 of 3rd period - Shot Blocked by Brett Lebda.
5:54 of 3rd period - Snap shot by Jeremy Roenick.
5:54 of 3rd period - Shot Misses the Net.
5:56 of 3rd period - Slapshot by Marc Staal.
5:56 of 3rd period - Stopped by Craig Anderson without a rebound.
5:57 of 3rd period - Mike Comrie wins face-off versus Eric Staal in Flames zone.
5:58 of 3rd period - Slapshot by Bobby Ryan.
5:58 of 3rd period - Goal by Bobby Ryan - Avalanche : 3 - Flames : 4.
5:59 of 3rd period - Mike Comrie wins face-off versus Eric Staal in neutral zone.
6:04 of 3rd period - Snap shot by Mike Comrie.
6:04 of 3rd period - Stopped by Craig Anderson with a rebound.
6:06 of 3rd period - Wrist shot by Jeremy Roenick.
6:06 of 3rd period - Shot Misses the Net.
6:31 of 3rd period - Snap shot by Andrew Ladd.
6:31 of 3rd period - Shot Hit the Post.
6:33 of 3rd period - Slapshot by Marc Staal.
6:33 of 3rd period - Shot Blocked by David Backes.
6:35 of 3rd period - Slapshot by Marc Staal.
6:35 of 3rd period - Stopped by Craig Anderson with a rebound.
6:55 of 3rd period - Tomas Kaberle is hit by Frantisek Kaberle and loses puck.
7:52 of 3rd period - Rostislav Olesz is hit by Michal Handzus and loses puck.
8:10 of 3rd period - Off-side.
8:11 of 3rd period - Shawn Horcoff wins face-off versus Jeremy Roenick in neutral zone.
8:14 of 3rd period - Ossi Vaananen is hit by Brett Lebda and loses puck.
8:32 of 3rd period - Jeremy Roenick is hit by Kyle Calder and loses puck.
8:39 of 3rd period - Snap shot by Shawn Horcoff.
8:39 of 3rd period - Shot Blocked by Ron Hainsey.
8:49 of 3rd period - Kyle Calder is hit by Jeremy Roenick and loses puck.
9:10 of 3rd period - Snap shot by Owen Nolan.
9:10 of 3rd period - Shot Misses the Net.
9:12 of 3rd period - Slapshot by Brett Lebda.
9:12 of 3rd period - Stopped by Antti Niemi with a rebound.
9:14 of 3rd period - Snap shot by Brett Lebda.
9:14 of 3rd period - Shot Misses the Net.
9:15 of 3rd period - Minor Penalty to Rob Blake for Holding.
9:16 of 3rd period - Michal Handzus wins face-off versus Mike Comrie in Flames zone.
9:16 of 3rd period - Michal Handzus is hit by Mike Comrie.
10:53 of 3rd period - Marc Staal is hit by Jordin Tootoo and loses puck.
11:13 of 3rd period - Derek Meech is hit by Ryan Smyth and loses puck.
11:15 of 3rd period - Penalty to Rob Blake is over, Rob Blake is back on ice.
11:42 of 3rd period - Rostislav Olesz is hit by Shawn Horcoff and loses puck.
12:01 of 3rd period - Marc Staal is hit by Steven Reinprecht and loses puck.
12:36 of 3rd period - Chuck Kobasew is hit by Tomas Kaberle and loses puck.
12:43 of 3rd period - Wrist shot by Alexander Semin.
12:43 of 3rd period - Shot Misses the Net.
12:45 of 3rd period - Snap shot by Alexander Semin.
12:45 of 3rd period - Stopped by Antti Niemi with a rebound.
13:06 of 3rd period - Frantisek Kaberle is hit by Shawn Horcoff and loses puck.
13:13 of 3rd period - Snap shot by Shawn Horcoff.
13:13 of 3rd period - Shot Misses the Net.
14:52 of 3rd period - Jeremy Roenick is hit by Petr Schastlivy and loses puck.
15:11 of 3rd period - Martin Lapointe is hit by David Backes and loses puck.
15:24 of 3rd period - Backhand shot by Shawn Horcoff.
15:24 of 3rd period - Stopped by Antti Niemi without a rebound.
15:25 of 3rd period - Bobby Ryan wins face-off versus Shawn Horcoff in Avalanche zone.
15:53 of 3rd period - Eric Staal is hit by Andrew Ladd and loses puck.
16:12 of 3rd period - Minor Penalty to Michal Handzus for Goalie Interference.
16:13 of 3rd period - Jordin Tootoo wins face-off versus Jeremy Roenick in Flames zone.
16:28 of 3rd period - Tomas Kaberle is hit by Ryan Smyth and loses puck.
16:47 of 3rd period - Petr Schastlivy is hit by Frantisek Kaberle.
18:12 of 3rd period - Penalty to Michal Handzus is over, Michal Handzus is back on ice.
19:01 of 3rd period - Slapshot by Rob Blake.
19:01 of 3rd period - Shot Misses the Net.
19:03 of 3rd period - Slapshot by Steven Reinprecht.
19:03 of 3rd period - Shot Blocked by Marc Staal.
19:05 of 3rd period - Snap shot by Pavel Bure.
19:05 of 3rd period - Stopped by Antti Niemi with a rebound.
19:07 of 3rd period - Slapshot by David Backes.
19:07 of 3rd period - Shot Misses the Net.
19:09 of 3rd period - Wrist shot by Pavel Bure.
19:09 of 3rd period - Goal by Pavel Bure - Avalanche : 3 - Flames : 5.
19:10 of 3rd period - Rod Brind'Amour wins face-off versus Steven Reinprecht in neutral zone.
19:13 of 3rd period - Backhand shot by Andrew Ladd.
19:13 of 3rd period - Deflect By Rod Brind'Amour.
19:13 of 3rd period - Stopped by Craig Anderson with a rebound.
19:15 of 3rd period - Wrist shot by Rod Brind'Amour.
19:15 of 3rd period - Stopped by Craig Anderson without a rebound.
19:16 of 3rd period - Steven Reinprecht wins face-off versus Rod Brind'Amour in Flames zone.
19:46 of 3rd period - Off-side.
19:47 of 3rd period - Mike Comrie wins face-off versus Shawn Horcoff in neutral zone.
19:47 of 3rd period - Mike Comrie is hit by Kyle Calder.
19:50 of 3rd period - Minor Penalty to Shawn Horcoff for Holding.
19:50 of 3rd period - Minor Penalty to Mike Comrie for Tripping.
19:51 of 3rd period - Pavel Bure wins face-off versus Rod Brind'Amour in Flames zone.
Output by the SimonT Hockey Simulator (STHS) for François Prévost -- Original Page W3C XHTML 1.0 Valid